 Dungeon Crawl Stone Soup version 0.23.2 (webtiles) character file.

Game seed: 3236834309219046894

15570 zfor the Cleaver (level 12, -20/106 HPs)
             Began as a Minotaur Fighter on Apr 4, 2019.
             Demolished by an ettin
             ... wielding a +0 dire flail
              (41 damage)
             ... on level 10 of the Dungeon on Apr 5, 2019.
             The game lasted 01:45:19 (9160 turns).

zfor the Cleaver (Minotaur Fighter)                 Turns: 9160, Time: 01:45:19

Health: -20/106    AC: 12    Str: 26    XL:     12   Next: 2%
Magic:  11/11      EV: 12    Int:  5    God:
Gold:   549        SH: 16    Dex: 10    Spells: 11/11 levels left

rFire    + . .     SeeInvis +   B - +1 war axe "Wutofee" {protect, MR+}
rCold    . . .     Gourm    .   c - +0 shield
rNeg     . . .     Faith    .   H - +3 scale mail {rF+}
rPois    .         Spirit   .   (helmet restricted)
rElec    .         Reflect  +   (no cloak)
rCorr    .         Harm     .   l - +0 pair of gloves
MR       +....                  (no boots)
Stlth    ..........             F - +3 amulet of reflection
HPRegen  0.27/turn              j - ring of see invisible
MPRegen  0.12/turn              (no ring)

@: no status effects
A: retaliatory headbutt, horns 2
a: no special abilities


You were on level 10 of the Dungeon.
You were not hungry.

You visited 2 branches of the dungeon, and saw 11 of its levels.

You collected 753 gold pieces.
You spent 204 gold pieces at shops.

Inventory:

Hand Weapons
 a - a +0 war axe
 p - a +5 flail of protection
 z - a +2 battleaxe of flaming
 B - the +1 war axe "Wutofee" (weapon) {protect, MR+}
   (You found it on level 5 of the Dungeon)

   It protects the one who uses it against injury (+AC on strike).
   It affects your resistance to hostile enchantments.
 D - a +2 long sword of holy wrath
Armour
 b - a +0 scale mail
 c - a +0 shield (worn)
 l - a +0 pair of gloves (worn)
 G - a +0 chain mail
 H - a +3 scale mail of fire resistance (worn)
Jewellery
 j - a ring of see invisible (left hand)
 r - a cursed ring of teleportation
 y - a cursed ring of teleportation
 F - a +3 amulet of reflection (around neck)
 I - an uncursed ring of protection from fire
 M - an uncursed ring of wizardry
 N - a cursed ring of attention
 P - an uncursed ring of poison resistance {unknown}
 R - a cursed -3 ring of protection {unknown}
Wands
 E - a wand of flame (22)
 O - a wand of random effects (19)
Scrolls
 e - 2 scrolls of identify
 h - 2 scrolls of enchant armour
 i - 2 scrolls of remove curse {unknown}
 o - 4 scrolls of fear {unknown}
 q - 2 scrolls of magic mapping {unknown}
 u - 2 scrolls of enchant weapon {unknown}
 v - 2 scrolls of blinking {unknown}
 A - 3 scrolls of teleportation {unknown}
 J - a scroll of amnesia {unknown}
 K - 2 scrolls of immolation {unknown}
Potions
 g - 5 potions of curing
 k - a potion of heal wounds {unknown}
 m - 3 potions of ambrosia
 n - 3 potions of brilliance
 s - a potion of haste {unknown}
 t - a potion of degeneration {unknown}
 w - a potion of lignification {unknown}
 x - 2 potions of invisibility {unknown}
 C - 2 potions of flight {unknown}
 L - a potion of berserk rage {unknown}
 Q - a potion of resistance {unknown}
Comestibles
 f - 9 rations


   Skills:
 + Level 9.7 Fighting
 + Level 14.6 Axes
 + Level 8.8 Armour
 + Level 5.2 Dodging
 + Level 0.6 Stealth
 + Level 12.3 Shields


You had 11 spell levels left.
You didn't know any spells.
Your spell library contained the following spells:

 Spells                   Type           Power        Failure   Level  Hunger
 Animate Skeleton         Necr           N/A          83%         1    ##.....
 Apportation              Tloc           #.....       83%         1    ##.....
 Confusing Touch          Hex            #.....       83%         1    ##.....
 Summon Small Mammal      Summ           #...         83%         1    ##.....
 Ensorcelled Hibernation  Hex/Ice        #.....       93%         2    ###....
 Stone Arrow              Conj/Erth      #.....       99%         3    ####...
 Ice Form                 Ice/Tmut       #.......     100%        4    #####..
 Borgnjor's Vile Clutch   Necr/Erth      #.........   100%        5    ######.
 Simulacrum               Ice/Necr       #.........   100%        6    #######


Dungeon Overview and Level Annotations

Branches:
Dungeon (10/15)            Temple (0/1) D:6             Orc (1/2) D:10
   Lair: D:8-11

Altars:
Ashenzari
Elyvilon
Fedhas
Hepliaklqana
Makhleb
Nemelex Xobeh
Ru
Wu Jian
Xom

Shops:
D:6 =   D:8 *


Innate Abilities, Weirdness & Mutations

You reflexively headbutt those who attack you in melee.
You have a pair of horns on your head.


Message History

The ettin hits you with a +0 dire flail!
You block the troll's attack. The troll closely misses you.
You block the troll's attack.
The orc knight roars a battlecry!
The orcs go into a battle-frenzy!
You hear a shout!
There is a staircase back to the Dungeon, spattered with blood here.
Press: ? - help, v - describe, . - travel
Here: a soul eater (summoned)
The floor.
Unknown command.
You block the troll's attack. x2; The troll closely misses you.
The orc warrior completely misses you. You block the ettin's attack.
The ettin hits you with a +0 dire flail!!!
* * * LOW HITPOINT WARNING * * *
You climb upwards.
Welcome back to the Dungeon!
There is a staircase to the Orcish Mines here.
You block the troll's attack. x3; The ettin closely misses you.
The ettin hits you with a +0 dire flail!!!
You die...

....# #(.#.....#...# #..######
....# #..#.....#...# #........
....# #.(#.....#...# #........
....# #..#.....#...# #........
....###..#.....#...# #........
.........#.....#...######........
.........##....#.................
..........#....To#########'##....
.....)....#.....@C..........#.###
..........#.................#.#
.......<..'.................#.#
..........#.................#.#
..........#.................#.#
..........#.................#.###
..........###..##.##.##'#####....
......#######..##.##.##.....#####
.##...#.....#......#.........##..


You could see an ettin, a troll and an orc warrior.

Vanquished Creatures
  A queen ant (D:10)
  5 two-headed ogres
  Pikel (D:8)
  A manticore (D:10)
  A cyclops (D:10)
  Maurice (D:8)
  A queen bee (D:9)
  A hornet (D:9)
  3 hippogriffs
  15 yaks
  A wraith (D:10)
  A hungry ghost (D:4)
  Menkaure (D:6)
  Edmund (D:6)
  8 soldier ants (D:10)
  A water moccasin (D:8)
  A sky beast (D:7)
  4 slaves (D:8)
  An ice beast (D:10)
  2 orc warriors (D:7)
  An eye of draining (D:4)
  3 phantoms
  2 crocodiles
  7 ogres
  4 centaurs
  2 big kobolds
  Blork the orc (D:5)
  6 bullfrogs
  A wyvern skeleton (D:6)
  5 scorpions
  20 killer bees
  2 howler monkeys
  A vampire bat (D:3)
  3 crimson imps
  2 bullfrog zombies (D:5)
  A quasit (D:6)
  A centaur zombie (D:10)
  8 hounds
  4 jellies
  A bullfrog skeleton (D:4)
  5 orc priests
  A centaur skeleton (D:7)
  10 orc wizards
  An iguana (D:9)
  24 worker ants
  A killer bee zombie (D:7)
  2 hound skeletons
  11 gnolls
  8 adders
  A howler monkey skeleton (D:6)
  A shadow imp (D:5)
  2 worms
  A dart slug (D:1)
  3 fire bats (D:3)
  6 leopard geckos
  38 orcs
  2 spectral bats (D:3)
  A bat simulacrum (D:3)
  3 bat skeletons (D:3)
  A bat zombie (D:3)
  10 giant cockroaches
  4 goblins
  12 hobgoblins
  12 jackals
  10 quokkas
  A ball python (D:3)
  16 bats
  6 frilled lizards
  A jackal skeleton (D:5)
  21 kobolds
  A leopard gecko zombie (D:5)
  A quokka zombie (D:5)
  5 rats
348 creatures vanquished.

Notes
Turn   | Place    | Note
-------+----------+-------------------------------------------
     0 | D:1      | zfor the Minotaur Fighter began the quest for the Orb.
     0 | D:1      | Reached XP level 1. HP: 19/19 MP: 0/0
   219 | D:1      | Reached XP level 2. HP: 25/27 MP: 1/1
   851 | D:2      | Reached skill level 3 in Axes
   851 | D:2      | Reached XP level 3. HP: 32/33 MP: 2/2
   960 | D:2      | Reached XP level 4. HP: 34/40 MP: 3/3
  1247 | D:2      | Reached skill level 4 in Axes
  1259 | D:2      | Found a burning altar of Makhleb.
  1753 | D:3      | Reached XP level 5. HP: 47/47 MP: 4/4
  1839 | D:3      | Reached skill level 1 in Dodging
  1844 | D:3      | Reached skill level 5 in Axes
  2114 | D:3      | Reached skill level 5 in Shields
  2114 | D:3      | Reached XP level 6. HP: 22/53 MP: 5/5
  2527 | D:4      | Noticed a hungry ghost
  2574 | D:4      | Killed a hungry ghost
  2574 | D:4      | Reached skill level 5 in Armour
  2622 | D:4      | Reached skill level 6 in Axes
  2622 | D:4      | Reached XP level 7. HP: 41/60 MP: 6/6
  2804 | D:4      | Reached skill level 5 in Fighting
  3023 | D:4      | Found a sparkling altar of Nemelex Xobeh.
  3023 | D:4      | Found a transporter.
  3040 | D:4      | Identified Cehiwyra's Grimoire of Earthen Cold
  3238 | D:5      | Entered Level 5 of the Dungeon
  3239 | D:5      | Noticed Blork the orc
  3252 | D:5      | Killed Blork the orc
  3295 | D:5      | Got a slimy war axe
  3296 | D:5      | Identified the +1 war axe "Wutofee" {protect, MR+} (You
                  | found it on level 5 of the Dungeon)
  3373 | D:5      | Reached skill level 7 in Axes
  3373 | D:5      | Reached XP level 8. HP: 65/68 MP: 7/7
  3750 | D:5      | Found a sacrificial altar of Ru.
  4039 | D:6      | Found Desoatoj's Jewellery Shop.
  4053 | D:6      | Bought a +3 amulet of reflection for 204 gold pieces
  4196 | D:6      | Noticed Menkaure
  4210 | D:6      | Killed Menkaure
  4210 | D:6      | Reached skill level 8 in Axes
  4323 | D:6      | Noticed Edmund
  4339 | D:6      | Killed Edmund
  4389 | D:6      | Noticed a hippogriff
  4404 | D:6      | Killed a hippogriff
  4404 | D:6      | Reached skill level 9 in Axes
  4764 | D:6      | Found a staircase to the Ecumenical Temple.
  4924 | D:7      | Reached XP level 9. HP: 57/75 MP: 8/8
  5092 | D:7      | Reached skill level 10 in Axes
  5259 | D:7      | Found a shimmering altar of Xom.
  5262 | D:7      | Found a blossoming altar of Fedhas.
  5266 | D:7      | Found a hazy altar of Hepliaklqana.
  5266 | D:7      | Found an ornate altar of the Wu Jian Council.
  5271 | D:7      | Found a shattered altar of Ashenzari.
  5322 | D:7      | Found a sacrificial altar of Ru.
  5518 | D:7      | Reached skill level 11 in Axes
  6030 | D:8      | Noticed Maurice
  6051 | D:8      | Killed Maurice
  6051 | D:8      | Reached XP level 10. HP: 85/86 MP: 9/9
  6087 | D:8      | Noticed a two-headed ogre
  6107 | D:8      | Killed a two-headed ogre
  6107 | D:8      | Reached skill level 10 in Shields
  6133 | D:8      | Noticed a two-headed ogre
  6146 | D:8      | Killed a two-headed ogre
  6146 | D:8      | Reached skill level 12 in Axes
  6376 | D:8      | Found a white marble altar of Elyvilon.
  6475 | D:8      | Found Fyovin's General Store.
  6606 | D:8      | Noticed Pikel
  6623 | D:8      | Killed Pikel
  6717 | D:8      | Noticed a two-headed ogre
  6726 | D:8      | Killed a two-headed ogre
  7137 | D:9      | Reached XP level 11. HP: 89/94 MP: 10/10
  7164 | D:9      | Reached skill level 13 in Axes
  7472 | D:9      | Noticed a two-headed ogre
  7488 | D:9      | Killed a two-headed ogre
  7995 | D:10     | Entered Level 10 of the Dungeon
  7998 | D:10     | Found a staircase to the Orcish Mines.
  8232 | D:10     | Reached skill level 5 in Dodging
  8235 | D:10     | Noticed a queen ant
  8256 | D:10     | Killed a queen ant
  8256 | D:10     | Reached skill level 14 in Axes
  8612 | D:10     | Noticed a two-headed ogre
  8631 | D:10     | Killed a two-headed ogre
  8798 | D:10     | Reached XP level 12. HP: 75/106 MP: 11/11
  9130 | Orc:1    | Entered Level 1 of the Orcish Mines
  9130 | Orc:1    | Noticed an ettin
  9157 | Orc:1    | Noticed a two-headed ogre
  9160 | D:10     | Demolished by an ettin

Skill      XL: |  1  2  3  4  5  6  7  8  9 10 11 |
---------------+----------------------------------+-----
Fighting       | 4 5 6 7 8 9 |  9.7
Armour         | 4 5 6 7 8 |  8.8
Axes           | 3 4 5 6 7 9 11 12 14 | 14.6
Shields        | 4 5 6 7 9 10 12 | 12.3
Dodging        | 1 2 3 4 5 |  5.2
Stealth        | |  0.6

Action                   |  1- 3 |  4- 6 |  7- 9 | 10-12 || total
-------------------------+-------+-------+-------+-------++-------
Melee: War axe           |    70 |   172 |   426 |   521 ||  1189
       Headbutt          |     6 |    23 |    69 |    97 ||   195
  Use: Scroll            |       |       |     6 |     2 ||     8
       Potion            |       |       |       |     2 ||     2
  Eat: Ration            |       |     4 |     1 |     1 ||     6
       Chunk             |       |     2 |     6 |     8 ||    16
Armor: Scale mail        |    40 |   116 |   125 |   120 ||   401
Dodge: Dodged            |    22 |    69 |   116 |   143 ||   350
Block: Shield            |    45 |   106 |   270 |   363 ||   784
       Reflection        |       |       |    15 |     6 ||    21
